 Dungeon Crawl Stone Soup version 0.30-a0-368-g86fb4627a9 (webtiles) character file.

Game seed: 16286420226174132916

298 mopl the Insei (level 6, 0/42 HPs)
             Began as a Djinni Transmuter on Nov 18, 2022.
             Splashed by a jelly's acid (5 damage)
             ... on level 4 of the Dungeon.
             The game lasted 00:05:04 (3200 turns).

mopl the Insei (Djinni Transmuter)                  Turns: 3200, Time: 00:05:05

Health: 0/42       AC: -6    Str: 11    XL:     6   Next: 63%
Gold:   178        EV: 12    Int: 20    God:
                   SH:  0    Dex: 14

rFire   + + .      SeeInvis .    b - +1 short sword (elec)
rCold   x . .      Faith    +    (no shield)
rNeg    . . .      Spirit   .    a - +0 robe
rPois   ∞          Reflect  .    (no helmet)
rElec   .          Harm     .    (no cloak)
rCorr   .          Rampage  .    (no gloves)
Will    .....                    (boots unavailable)
Stlth   +.........               u - amulet of faith {!P}
HPRegen 0.27/turn                m - +6 ring of intelligence
MPRegen 0.00/turn                (no ring)

@: corroded, flying
A: sickness immunity, fire resistance 2, cold vulnerability 1, float, innate
caster, HP casting, extra vitality 1
a: no special abilities


You were on level 4 of the Dungeon.
You visited 2 branches of the dungeon, and saw 5 of its levels.

You collected 178 gold pieces.

Inventory:

Hand Weapons
 b - a +1 short sword of electrocution (weapon)
 s - a +2 dagger of venom
Missiles
 o - 4 poisoned darts
Armour
 a - a +0 robe (worn)
 r - an orb of guile
Jewellery
 m - a +6 ring of intelligence (left hand)
 u - an amulet of faith (around neck) {!P}
Scrolls
 c - 2 scrolls of amnesia {unknown}
 d - a scroll of acquirement {unknown}
 e - 4 scrolls of identify {unknown}
 j - 3 scrolls of teleportation {unknown}
 k - 4 scrolls of poison {unknown}
 l - a scroll of vulnerability {unknown}
 q - 2 scrolls of blinking {unknown}
Potions
 f - 3 potions of degeneration {unknown}
 g - 2 potions of mutation {unknown}
 h - a potion of flight {unknown}
 i - a potion of might {unknown}
 n - 2 potions of magic {unknown}
 p - a potion of heal wounds {unknown}
 t - a potion of ambrosia {unknown}


   Skills:
 - Level 1.0 Fighting
 - Level 2.1 Dodging
 * Level 5.9 Unarmed Combat
 + Level 3.0 Spellcasting


You couldn't memorise any spells.
You knew the following spells:

 Your Spells              Type           Power      Damage    Failure   Level
a - Beastly Appendage     Tmut           30%        N/A       4%          1
b - Spider Form           Tmut/Pois      15%        N/A       12%         3
c - Apportation           Tloc           30%        N/A       4%          1
d - Ice Form              Ice/Tmut       15%        N/A       36%         4
p - Passwall              Tmut/Erth      12%        N/A       6%          2
w - Wereblood             Tmut           15%        N/A       6%          2
Your spell library was empty.

Dungeon Overview and Level Annotations

Branches:
Dungeon (4/15)             Temple (1/1) D:4

Altars:
Ashenzari
Cheibriados
Elyvilon
Fedhas
Gozag
Nemelex Xobeh
Trog
Uskayaw
Wu Jian
Xom
The Shining One

Annotations:
D:4 3 runed translucent doors, MCDelver's ghost, amateur BaHu; ouz's ghost, amateur VSMo


Innate Abilities, Weirdness & Mutations

You are immune to sickness and miasma.
You are immune to poison.
Your flesh is very heat resistant. (rF++)
You are vulnerable to cold. (rC-)
You float through the air rather than walking.
You learn spells naturally, not from books.
Your magical power is your life essence.
You have superior vitality. (+4 MHP)


Message History

No target in view!
Things that are here:
an adder corpse; an iguana corpse Your transformation is almost over.
q - 2 scrolls labelled QUIF AZASI (gained 1)
Your transformation has ended.
Your +1 short sword of electrocution unmelds from your body.
Your +0 robe unmelds from your body.
You hear the crackle of electricity.
Found a robe.
Found a runed translucent gate.
Found a runed translucent gate.
Ouz's ghost turns its malevolent gaze towards you.
MCDelver's ghost whispers, "The ORB doesn't exist."
Found a short sword.
MCDelver's ghost shouts, "They lied to you.
The Dungeon just goes down and down forever."
Found a stone staircase leading down.
A jelly comes into view.
Found 3 stones.
Ouz's ghost screams, "I'll kill anyone who wants the ORB!"
A jelly is nearby!
The jelly quivers.
You hit the jelly.
Your hands burn!
The jelly is moderately wounded.
The jelly hits you.
You are splashed with acid!
You hit the jelly.
Your hands burn!
The jelly is severely wounded.
The jelly hits you. The acid corrodes you!
You are splashed with acid!
You are too injured to fight recklessly!
You are too injured to fight recklessly!
You are too injured to fight recklessly!
You hit the jelly.
Your hands burn!
The jelly is almost dead.
The jelly hits you. The acid corrodes you!
You are splashed with acid!
* * * LOW HITPOINT WARNING * * *
You hit the jelly but do no damage.
Your hands burn!
* * * LOW HITPOINT WARNING * * *
The jelly is almost dead.
The jelly barely misses you.
You hit the jelly but do no damage.
Your hands burn!
You die...

#########
###########........
#.....[............
#................(.
######..........>.......
.............###........
#######.................
#### #.........#@.......
.....####+++####J.......
##### ♣.....WW♣#........
.# ###
#⌠.......⌠#####....
.###### ..##.#♣.......♣#
##..... ......#
.....#)....!..$#
.......# ......#
....###8.....8##
.......###.....# ....#
##$♣⌠♣$## #.....##.....#
..... ##..>..##.....#


You could see a jelly.

Vanquished Creatures
  A necrophage (D:3)
  A jelly (D:4)
  An iguana (D:4)
  5 gnolls
  4 adders
  2 worms
  3 dart slugs
  An orc (D:3)
  5 bats
  6 endoplasms
  7 giant cockroaches
  6 goblins
  5 hobgoblins
  11 jackals
  2 quokkas (D:1)
  6 ball pythons
  4 frilled lizards
  7 kobolds
  2 rats
79 creatures vanquished.

Notes
Turn   | Place    | Note
-------+----------+-------------------------------------------
     0 | D:1      | mopl the Djinni Transmuter began the quest for the Orb.
     0 | D:1      | mopl set off with the following spells memorised: Beastly
                  | Appendage, Wereblood, Spider Form, Ice Form.
     0 | D:1      | Reached XP level 1. HP: 17/17 MP: 0/0
   148 | D:1      | Reached XP level 2. HP: 5/22 MP: 0/0
   294 | D:1      | You are sucked into a shaft and drop 1 floor!
   379 | D:2      | Reached XP level 3. HP: 23/27 MP: 0/0
   379 | D:2      | Learned a level 1 spell: Apportation
   479 | D:1      | Reached skill level 2 in Spellcasting
   801 | D:1      | Reached skill level 4 in Unarmed Combat
  1052 | D:2      | Reached XP level 4. HP: 23/32 MP: 0/0
  1608 | D:3      | Found a faded altar of an unknown god.
  1782 | D:3      | Found a hide-covered altar of Uskayaw.
  1782 | D:3      | Noticed a +0 short sword
  1782 | D:3      | Noticed a +0 spear
  1782 | D:3      | Noticed a +0 falchion
  1782 | D:3      | Noticed a +0 short sword
  1783 | D:3      | Noticed a +0 falchion
  1784 | D:3      | Noticed a +0 spear
  1785 | D:3      | Noticed a +0 dagger
  1786 | D:3      | Noticed a +0 dagger
  1813 | D:3      | Reached XP level 5. HP: 7/37 MP: 0/0
  1813 | D:3      | Learned a level 2 spell: Passwall
  1977 | D:3      | Reached skill level 5 in Unarmed Combat
  2083 | D:3      | Reached XP level 6. HP: 42/42 MP: 0/0
  2278 | D:3      | Found a broken altar of Ashenzari.
  2527 | D:3      | Found a white marble altar of Elyvilon.
  2789 | D:4      | Found a staircase to the Ecumenical Temple.
  2808 | Temple   | Entered the Ecumenical Temple
  3047 | D:4      | Reached skill level 3 in Spellcasting
  3179 | D:4      | Found a runed translucent gate.
  3180 | D:4      | Found a runed translucent gate.
  3180 | D:4      | Found a runed translucent gate.
  3181 | D:4      | Noticed ouz's ghost (amateur VSMo)
  3181 | D:4      | Noticed MCDelver's ghost (amateur BaHu)
  3200 | D:4      | Splashed by a jelly's acid

Illustrated notes

Levels and vault maps discovered:
D:1:      dpeg_arrival_ternary, layout_rooms, columned_hall_lemuel
D:2:      layout_loops_ring
D:3:      layout_loops_cross, mainiacjoe_overflow_24_doors, elyvilon_altar_4,
          nicolae_uskayaw_en_pointe, ebering_ecumenical_altar_mist,
          grunt_ministairs_9, st_stairs_4, kennysheep_nondescript,
          minmay_door_square, minmay_misc_feat_diagonals
D:4:      layout_rooms, minmay_temple_entry_sparse_star,
          gammafunk_ghost_cemetery, nrook_mini_vaults
Temple:   eino_temple_lava

Skill      XL: |  1  2  3  4  5  6 |
---------------+-------------------+-----
Spellcasting   | 2 3 |  3.0
Unarmed Combat | 4 5 |  5.9
Fighting       | |  1.0
Dodging        | |  2.1

Action                   |  1- 3 |  4- 6 || total
-------------------------+-------+-------++-------
Melee: Unarmed           |   116 |    85 ||   201
       Headbutt          |     7 |     3 ||    10
       Dagger            |       |    69 ||    69
       Punch             |       |     6 ||     6
       Short sword       |       |    29 ||    29
 Cast: Beastly Appendage |     8 |     2 ||    10
       Spider Form       |     1 |     2 ||     3
  Use: Potion            |     1 |     1 ||     2
 Stab: Sleeping          |       |     3 ||     3
       Distracted        |       |     1 ||     1
Armor: Robe              |    30 |    26 ||    56
       Skin              |    21 |     5 ||    26
Dodge: Dodged            |    77 |   126 ||   203

Table legend: (Time is in decaauts)
 A = Elapsed time spent in this place.
 B = Non-inter-level travel time spent in this place.
 C = Inter-level travel time spent in this place.
 D = Time resting spent in this place.
 E = Time spent auto-exploring this place.
 F = Levels seen in this place.
 G = Mean time per level.
                   A        B        C        D        E       F      G
               +--------+--------+--------+--------+--------+-----+--------+
         Total |   3181 |   3029 |    152 |    694 |   1712 |   5 |  636.2 |
       Dungeon |   3114 |   2969 |    145 |    694 |   1674 |   4 |  778.5 |
        Temple |     66 |     59 |      7 |      0 |     38 |   1 |   66.0 |
               +--------+--------+--------+--------+--------+-----+--------+

Top non-repeatable levels by time:
     D:3: 1211 daAuts
     D:1: 823 daAuts
     D:2: 732 daAuts
     D:4: 347 daAuts
  Temple: 66 daAuts
